cohdb
Replays
Latest Replays
All Replays
Popular Replays
Top Player Replays
Match Explorer
How It Works
Community
CoH3 Stats
Reddit
Sign in to upload your games and track your stats! →
Sign in with Steam
Match 38738323
Unlisted
Match 38738323
Overview
Messages
Build Orders
End
Kradschützen Motorcycle Team
Kradschützen Motorcycle Team
Selects Battlefield Espionage Battlegroup
Panzerpioneer Squad
Selects Sector Subterfuge Beacon
Construct Light Support Kompanie
MG34 Team
2.5-tonne Medical Truck
Advanced Field Repairs
Fire Support Elements
Veteran Squad Leaders
Assault Mechanized Group
Selects Plunder
Flakvierling Half-track
Flakvierling Half-track
Vehicle Survival Package
Tungsten Core Ammunition
Selects Firestorm
Assault Mechanized Group
Selects 250/3 Funkpanzerwagen
891064kan
XuZhongwei
0
0
Comments
sign in to comment!
No comments posted yet!